 Dungeon Crawl Stone Soup version 0.24.0-13-gcf9b319 (webtiles) character file.

Game seed: 15828285266952321845, levelgen mode: deterministic

38 Fortress the Vexing (level 3, -3/35 HPs)
             Began as an Ogre Arcane Marksman on Jan 12, 2020.
             Slain by a hobgoblin
             ... wielding a +0 club
             ... led by Robin
              (10 damage)
             ... on level 2 of the Dungeon.
             The game lasted 00:04:29 (1207 turns).

Fortress the Vexing (Ogre Arcane Marksman)          Turns: 1207, Time: 00:04:29

Health: -3/35      AC:  3    Str: 15    XL:     3   Next: 43%
Magic:  4/4        EV: 12    Int: 14    God:
Gold:   73         SH:  0    Dex:  9    Spells: 3/4 levels left

rFire    . . .     SeeInvis .   e - +0 mace
rCold    . . .     Gourm    .   (no shield)
rNeg     . . .     Faith    .   a - +0 robe
rPois    .         Spirit   .   (helmet restricted)
rElec    .         Reflect  .   (no cloak)
rCorr    .         Harm     .   (gloves unavailable)
MR       .....                  (boots unavailable)
Stlth    +.........             (no amulet)
HPRegen  0.11/turn              k - +2 ring of evasion
MPRegen  0.09/turn              (no ring)

@: no status effects
A: large, unfitting armour, tough skin 1
a: no special abilities


You were on level 2 of the Dungeon.
You were very hungry.

You visited 1 branch of the dungeon, and saw 2 of its levels.

You collected 73 gold pieces.

Inventory:

Hand Weapons
 e - a +0 mace (weapon)
Missiles
 d - 2 throwing nets (quivered)
Armour
 a - a +0 robe (worn)
Jewellery
 k - a +2 ring of evasion (left hand)
Scrolls
 b - 2 scrolls of teleportation
 g - a scroll of remove curse
 i - a scroll of amnesia {unknown}
 j - a scroll of fear {unknown}
Potions
 h - a potion of resistance {unknown}
Comestibles
 f - 3 rations


   Skills:
 + Level 1.9 Fighting
 - Level 0.3 Maces & Flails
 + Level 2.3 Throwing
 - Level 2.0 Dodging
 + Level 1.2 Spellcasting
 + Level 3.4 Hexes


You had 3 spell levels left.
You knew the following spells:

 Your Spells              Type           Power        Failure   Level  Hunger
a - Corona                Hex            ##.....      6%          1    ##.....

Your spell library contained the following spells:

 Spells                   Type           Power        Failure   Level  Hunger
 Slow                     Hex            ##......     10%         2    ###....
 Inner Flame              Hex/Fire       #.......     36%         3    ####...
 Portal Projectile        Hex/Tloc       #.....       36%         3    ####...
 Cause Fear               Hex            ##........   54%         4    #####..
 Leda's Liquefaction      Hex/Erth       #.........   77%         4    #####..


Dungeon Overview and Level Annotations

Branches:
Dungeon (2/15)

Altars:
Dithmenos

Annotations:
D:2 Robin


Innate Abilities, Weirdness & Mutations

You are too large for most types of armour.
You have tough skin. (AC +1)


Message History

a +0 club x2; 11 stones; a goblin corpse Robin of the Strong Arm comes into view.
They are wielding a +0 dagger.
You barely miss the goblin.
A goblin comes into view. It is wielding a +0 club.
The goblin hits you but does no damage.
Robin roars a battlecry!
The goblins go into a battle-frenzy!
The goblin moves out of view.
You closely miss the goblin. The goblin hits you.
The hobgoblin closely misses you. The goblin hits you but does no damage.
You hit the goblin.
You kill the goblin!
Robin says, "Bow before me, strongest of all the hobgoblins!"
The hobgoblin barely misses you. Robin throws the goblin at you!
The goblin misses you.
You barely miss Robin. The hobgoblin hits you with a +0 club!
* * * LOW HITPOINT WARNING * * *
Robin hits you but does no damage. The goblin barely misses you.
The hobgoblin hits you with a +0 club!
You die...

..............<...#
###......).........#
##..............##
###....>...........#
.........#.########.#
..###......# .#
#...##...### .
.##........#
.......@g#.###
.#####g.....%#
#.g.##.... #((.#
#.... .#### #..? ..
... ###


You could see Robin, a hobgoblin and a goblin.

Vanquished Creatures
  An orc (D:2)
  A giant cockroach (D:1)
  11 goblins
  3 hobgoblins (D:1)
  A quokka (D:2)
  3 bats
  A frilled lizard (D:1)
  6 kobolds
  9 rats
36 creatures vanquished.

Notes
Turn   | Place    | Note
-------+----------+-------------------------------------------
     0 | D:1      | Fortress the Ogre Arcane Marksman began the quest for the
                  | Orb.
     0 | D:1      | Reached XP level 1. HP: 19/19 MP: 2/2
   169 | D:1      | Reached XP level 2. HP: 27/27 MP: 3/3
   226 | D:1      | Reached skill level 3 in Hexes
   766 | D:2      | Reached XP level 3. HP: 5/33 MP: 2/4
  1042 | D:2      | Found a shadowy altar of Dithmenos.
  1202 | D:2      | Noticed Robin
  1207 | D:2      | Slain by a hobgoblin

Levels and vault maps discovered:
D:1:      dpeg_arrival_ratfight, layout_loops_ring
D:2:      kennysheep_big_flooded_room, layout_rooms, lemuel_doored_altar,
          first_ration, nicolae_dithmenos_through_a_glass_darkly, uniq_robin

Skill      XL: |  1  2 |
---------------+-------+-----
Dodging        | 2 |  2.0
Hexes          | 3 |  3.4
Fighting       | |  1.9
Maces & Flails | |  0.3
Throwing       | |  2.3
Spellcasting   | |  1.2

Action                   || total
-------------------------++-------
Melee: Unarmed           ||    12
       Mace              ||    49
Throw: Large rock        ||    31
 Cast: Corona            ||     2
  Use: Scroll            ||     2
Armor: Robe              ||    17
Dodge: Dodged            ||    55
